AoeStats
← FaKuuuu

Black Forest

510942808Analyzed
4v4 RM · 9h ago on Oct 3, 2026· 21m 19s· 8 players
Game mode
Random Map
Map size
Large (8 player)
Population
200
Speed
Normal
Resources
Standard
Victory
Conquest
Starting age
Dark Age
Ending age
Imperial Age
RankedLock teamsTeams togetherTeam positionsShared explorationLock speedFull tech treeHidden civsTurbo modeCheats
Victory
Defeat
🇹🇼 Gurjaras · Taiwan
1100
+13
🇦🇷 Persians · Argentina
1100
+13
🇦🇷 Franks · Argentina
1087
+14
🇹🇼 Maya · Taiwan
1053
+15
🇨🇿 Khmer · Czechia
1095
-15
🇵🇪 Saracens · Peru
1040
-14
🇹🇷 Franks · Türkiye
1022
-13
🇲🇾 Danes · Malaysia
1018
-13
hadibaaayım
1:55 Loom
12:57 Feudal Age
+ ..dotavio ..+
0:29 Loom
16:16 Feudal Age
DESTINNI
3:39 Loom
8:35 Feudal Age
XA
6:43 Loom
13:31 Feudal Age
17:31 Castle Age
蛋雕
0:27 Loom
12:13 Feudal Age
13:03 Double-Bit Axe
14:36 Horse Collar
14:45 Town Watch
16:32 Fletching
20:15 Wheelbarrow
PERCENT5175
10:31 Feudal Age
11:03 Double-Bit Axe
14:41 Castle Age
13:39 Gold Mining
18:34 Loom
20:14 Horse Collar
20:21 Fishing Lines
21:27 Bow Saw
22:28 Wheelbarrow
FaKuuuu
0:26 Loom
10:51 Feudal Age
15:43 Castle Age
14:03 Double-Bit Axe
15:22 Horse Collar
AGGM
12:13 Feudal Age
19:30 Castle Age
17:23 Double-Bit Axe
19:59 Scale Barding Armor
20:05 Forging
21:21 Husbandry
21:50 Bow Saw
Connection lost

Rejoining the realm…

Still unreachable

The connection could not be restored.

Session expired

The server has moved on; the page needs a fresh start.